 Dungeon Crawl Stone Soup version 0.30-a0-54-g2e61a25929 (webtiles) character file.

Game seed: 4181986974914796745

8 jlumianski the Chopper (level 2, 0/22 HPs)
             Began as a Demonspawn Gladiator on Sept 8, 2022.
             Slain by a kobold
             ... wielding a +0 whip
              (2 damage)
             ... on level 2 of the Dungeon.
             The game lasted 00:01:04 (411 turns).

jlumianski the Chopper (Demonspawn Gladiator)        Turns: 411, Time: 00:01:05

Health: 0/22       AC:  4    Str: 14    XL:     2   Next: 0%
Magic:  2/2        EV: 12    Int:  9    God:
Gold:   24         SH:  0    Dex: 14    Spells: 1/1 levels left

rFire   . . .      SeeInvis .    a - +0 war axe
rCold   . . .      Faith    .    (no shield)
rNeg    . . .      Spirit   .    b - +0 leather armour
rPois   .          Reflect  .    c - +0 helmet
rElec   .          Harm     .    (no cloak)
rCorr   .          Rampage  .    (no gloves)
Will    .....                    (no boots)
Stlth   +.........               (no amulet)
HPRegen 0.07/turn                (no ring)
MPRegen 0.08/turn                (no ring)

@: no status effects
A: demonic magic 1
a: no special abilities


You were on level 2 of the Dungeon.
You visited 1 branch of the dungeon, and saw 2 of its levels.

You collected 24 gold pieces.

Inventory:

Hand Weapons
 a - a +0 war axe (weapon)
Missiles
 d - 3 throwing nets (quivered)
 e - a javelin
Armour
 b - a +0 leather armour (worn)
 c - a +0 helmet (worn)
Jewellery
 g - an amulet of faith
Scrolls
 f - a scroll of acquirement {unknown}
 h - a scroll of identify {unknown}


   Skills:
 + Level 2.1 Fighting
 + Level 2.9 Axes
 + Level 1.8 Throwing
 + Level 0.1 Armour
 + Level 2.9 Dodging


You had one spell level left.
You didn't know any spells.
Your spell library was empty.

Dungeon Overview and Level Annotations

Branches:
Dungeon (2/15)

Altars:


Innate Abilities, Weirdness & Mutations

Spells you cast may paralyse adjacent enemies.


Message History

The goblin hits you with a +0 dagger. The goblin hits you with a +0 dagger.
The goblin barely misses you. The goblin hits you with a +0 dagger.
The goblin closely misses you.
A kobold comes into view. It is wielding a +0 whip.
The kobold shouts!
The goblin completely misses you. The goblin hits you but does no damage.
The goblin closely misses you. The goblin closely misses you.
The kobold hits you with a +0 whip. The goblin hits you but does no damage.
The kobold completely misses you. The goblin hits you but does no damage.
The kobold barely misses you. The goblin completely misses you.
The kobold hits you but does no damage. The goblin closely misses you.
The kobold closely misses you. The goblin hits you with a +0 dagger.
The kobold hits you with a +0 whip. The goblin closely misses you.
The kobold closely misses you. The goblin closely misses you.
The kobold closely misses you. The goblin hits you with a +0 dagger.
The kobold hits you but does no damage. The goblin hits you but does no damage.
The kobold hits you but does no damage. The kobold barely misses you.
The goblin closely misses you. The goblin barely misses you.
The kobold hits you with a +0 whip. The goblin barely misses you.
The kobold hits you but does no damage. The goblin barely misses you.
The kobold hits you with a +0 whip.
* * * LOW HITPOINT WARNING * * *
The goblin misses you. The kobold hits you with a +0 whip.
* * * LOW HITPOINT WARNING * * *
The goblin barely misses you. The kobold hits you but does no damage.
The goblin hits you but does no damage. The kobold hits you but does no damage.
The goblin hits you with a +0 dagger.
* * * LOW HITPOINT WARNING * * *
The kobold hits you with a +0 whip.
* * * LOW HITPOINT WARNING * * *
The goblin hits you with a +0 dagger.
* * * LOW HITPOINT WARNING * * *
The kobold closely misses you. The goblin barely misses you.
The kobold hits you but does no damage. The goblin hits you but does no damage.
The kobold closely misses you. The goblin hits you but does no damage.
The kobold hits you with a +0 whip.
You die...

#.########
#...g@.?.#
......K.##.#
###.###.#..#
# #.#[.#
#.#..########
#.#....†...<#
#.#..########
#.#..# #..#


You could see a goblin and a kobold.

Vanquished Creatures
  2 giant cockroaches (D:1)
  A goblin (D:1)
  2 hobgoblins
  A kobold (D:1)
6 creatures vanquished.

Notes
Turn   | Place    | Note
-------+----------+-------------------------------------------
     0 | D:1      | jlumianski the Demonspawn Gladiator began the quest for the
                  | Orb.
     0 | D:1      | Reached XP level 1. HP: 16/16 MP: 1/1
    18 | D:1      | Found a faded altar of an unknown god.
   369 | D:2      | Gained mutation: Spells you cast may paralyse adjacent
                  | enemies. [demonic ancestry]
   369 | D:2      | Reached XP level 2. HP: 22/22 MP: 2/2
   408 | D:2      | HP: 1/22 [goblin/+0 dagger (1)]
   411 | D:2      | Slain by a kobold

Illustrated notes

Levels and vault maps discovered:
D:1:      tarquinn_simple_flora_water_e, layout_basic,
          shapermc_ecumenical_altar_notcrosses
D:2:      layout_basic, corexii_corridor_pit

Action                   || total
-------------------------++-------
Melee: War axe           ||    16
Armor: Leather armour    ||    24
Dodge: Dodged            ||    30

Table legend: (Time is in decaauts)
 A = Elapsed time spent in this place.
 B = Non-inter-level travel time spent in this place.
 C = Inter-level travel time spent in this place.
 D = Time resting spent in this place.
 E = Time spent auto-exploring this place.
 F = Levels seen in this place.
 G = Mean time per level.
                   A        B        C        D        E       F      G
               +--------+--------+--------+--------+--------+-----+--------+
         Total |    416 |    416 |      0 |    192 |     88 |   2 |  208.0 |
       Dungeon |    416 |    416 |      0 |    192 |     88 |   2 |  208.0 |
               +--------+--------+--------+--------+--------+-----+--------+

Top non-repeatable levels by time:
     D:1: 366 daAuts
     D:2: 50 daAuts
